AoeStats
← ceu

Highland

505517149Analyzed
3v3 RM · 21d ago on Sep 9, 2026· 57m 4s· 6 players
Game mode
Random Map
Map size
Normal (6 player)
Population
200
Speed
Normal
Resources
Standard
Victory
Conquest
Starting age
Dark Age
Ending age
Imperial Age
RankedLock teamsTeams togetherTeam positionsShared explorationLock speedFull tech treeHidden civsTurbo modeCheats
Victory
Defeat
🇩🇪 Turks · Germany
869
+12
🇮🇹 Byzantines · Italy
773
+16
🇩🇪 Vietnamese · Germany
734
+17
🇵🇱 Franks · Poland
832
-45
🇵🇱 Khmer · Poland
739
-14
🇵🇱 Britons · Poland
738
-14
VIT | Hera
11:12 Feudal Age
12:59 Double-Bit Axe
12:56 Horse Collar
14:01 Gold Mining
18:15 Castle Age
18:23 Wheelbarrow
17:48 Stone Mining
19:17 Bow Saw
19:08 Heavy Plow
23:58 Imperial Age
24:41 Gold Shaft Mining
24:42 Stone Shaft Mining
25:19 Wheelbarrow
25:36 Crop Rotation
30:36 Caravan
31:07 Coinage
31:08 Fletching
31:19 Padded Archer Armor
32:09 Hand Cart
31:48 Heavy Scorpion
42:14 Elite Battle Elephant
44:07 Forging
43:55 Bodkin Arrow
44:06 Scale Barding Armor
44:17 Leather Archer Armor
44:12 Forging
43:59 Heated Shot
45:11 Chemistry
44:32 Ballistics
44:27 Siege Engineers
44:32 Masonry
44:19 Murder Holes
44:35 Fortified Wall
48:38 Elite Ballista Elephant
49:22 Tusk Swords
filip
9:31 Feudal Age
11:14 Double-Bit Axe
16:37 Wheelbarrow
15:59 Gold Mining
22:40 Castle Age
22:47 Light Cavalry
26:58 Husbandry
36:15 Imperial Age
36:08 Scale Barding Armor
36:15 Forging
39:15 Cavalier
44:52 Paladin
49:20 Chain Barding Armor
49:35 Iron Casting
Wici3858
11:01 Feudal Age
11:29 Horse Collar
12:44 Double-Bit Axe
17:18 Fletching
19:25 Padded Archer Armor
22:21 Castle Age
22:55 Gold Mining
23:00 Stone Mining
23:18 Crossbowman
24:50 Bow Saw
24:43 Heavy Plow
25:20 Gold Shaft Mining
24:42 Bodkin Arrow
26:46 Yeomen
30:45 Imperial Age
29:02 Wheelbarrow
29:54 Leather Archer Armor
30:05 Hand Cart
31:09 Caravan
34:23 Conscription
35:45 Town Watch
35:45 Elite Longbowman
38:20 Chemistry
37:45 Ballistics
37:34 Bracer
42:45 Town Patrol
42:34 Loom
43:25 Ring Archer Armor
flavioroma88
3:06 Loom
17:07 Feudal Age
17:35 Horse Collar
17:43 Double-Bit Axe
19:19 Stone Mining
21:25 Wheelbarrow
21:05 Gold Mining
23:40 Forging
28:31 Castle Age
29:55 Caravan
31:49 Hand Cart
31:59 Bow Saw
31:52 Heavy Plow
33:55 Town Watch
36:21 Stone Shaft Mining
36:22 Scale Barding Armor
41:23 Imperial Age
39:23 Chain Barding Armor
38:55 Fletching
39:50 Forging
41:17 Chatras
42:47 Plate Barding Armor
42:08 Bodkin Arrow
42:02 Elite Rattan Archer
44:29 Two-Man Saw
44:50 Chemistry
44:35 Crop Rotation
45:30 Ballistics
45:33 Elite Battle Elephant
47:27 Padded Archer Armor
50:58 Leather Archer Armor
51:19 Iron Casting
50:45 Bracer
Pippo Franco
2:07 Loom
13:30 Feudal Age
14:00 Double-Bit Axe
14:53 Wheelbarrow
14:57 Gold Mining
24:28 Castle Age
24:03 Padded Archer Armor
23:54 Fletching
25:06 Elite Skirmisher
26:57 Bow Saw
28:08 Hand Cart
29:57 Hand Cart
30:07 Thumb Ring
34:48 Imperial Age
35:06 Imperial Age
34:47 Leather Archer Armor
34:27 Bodkin Arrow
34:43 Forging
34:41 Husbandry
36:29 Conscription
36:47 Scale Barding Armor
37:16 Ring Archer Armor
36:36 Cavalier
36:45 Imperial Skirmisher
40:34 Gold Shaft Mining
41:37 Ballistics
43:17 Two-Man Saw
43:22 Chemistry
42:25 Bracer
42:51 Onager
45:14 Scale Barding Armor
45:26 Fortified Wall
45:12 Murder Holes
45:27 Stone Mining
48:20 Paladin
49:24 Chain Barding Armor
49:04 Scale Mail Armor
49:40 Iron Casting
48:56 Elite Cataphract
50:12 Hoardings
ceu
0:44 Loom
12:26 Feudal Age
13:43 Wheelbarrow
12:56 Double-Bit Axe
12:53 Horse Collar
13:24 Fishing Lines
17:11 Gold Mining
17:11 Stone Mining
23:13 Castle Age
21:12 Fletching
21:33 Forging
21:24 Padded Archer Armor
21:30 Scale Barding Armor
24:16 Hand Cart
24:14 Gillnets
24:39 Bow Saw
25:42 Heavy Plow
30:44 Gold Shaft Mining
30:08 Town Watch
33:57 Imperial Age
31:14 Town Watch
31:56 Ballistics
31:27 Heated Shot
31:49 Masonry
31:19 Treadmill Crane
31:35 Murder Holes
31:51 Fortified Wall
32:45 Caravan
32:44 Bodkin Arrow
33:25 Iron Casting
33:11 Chain Barding Armor
35:55 Two-Man Saw
35:24 Leather Archer Armor
35:11 Bracer
35:58 Conscription
36:35 Husbandry
37:37 Town Patrol
38:24 Bloodlines
39:27 Blast Furnace
39:05 Plate Barding Armor
39:06 Architecture
39:08 Leather Archer Armor
39:32 Hoardings
40:21 Heavy Camel Rider
43:17 Thumb Ring
45:19 Artillery
51:49 Elite Janissary
Connection lost

Rejoining the realm…

Still unreachable

The connection could not be restored.

Session expired

The server has moved on; the page needs a fresh start.